 Dungeon Crawl Stone Soup version 0.30-b1-2-g02819fbbbe (webtiles) character file.

Game seed: 4184647001867733577

682 naiii the Cleaver (level 7, -1/66 HPs)
             Began as a Hill Orc Fighter on Dec 3, 2023.
             Slain by an orc warrior
             ... wielding a +0 glaive
              (10 damage)
             ... on level 6 of the Dungeon.
             The game lasted 00:18:35 (4937 turns).

naiii the Cleaver (Hill Orc Fighter)                Turns: 4937, Time: 00:18:36

Health: -1/66      AC: 11    Str: 21    XL:     7   Next: 61%
Magic:  7/7        EV:  9    Int: 14    God:
Gold:   271        SH:  6    Dex: 16    Spells: 6/6 levels left

rFire   x x .        A - +5 hammer of Unreason {flame, rF- Will+ Int+6}
rCold   . . .        c - +1 buckler
rNeg    . . .        b - +0 scale mail
rPois   .            (no helmet)
rElec   .            d - +0 cloak
rCorr   .            l - +1 pair of gloves "Jeann" {Rampage rF- Will- Slay+4}
SInv    .            I - +0 pair of boots
Will    .....        (no amulet) Stlth
                     D - +6 ring of dexterity
HPRegen 0.31/turn    (no ring)
MPRegen 0.10/turn

%: rampage
@: hasted, very quick
A: no striking features
a: no special abilities


You were on level 6 of the Dungeon.
You visited 1 branch of the dungeon, and saw 6 of its levels.
You visited the Abyss 1 time.

You collected 271 gold pieces.

Inventory:

Hand Weapons
 a - a +0 war axe
 A - the +5 hammer of Unreason (weapon) {flame, rF- Will+ Int+6}
   (You found it on level 3 of the Dungeon)

   Int:       It affects your intelligence (+6).
   rF:        It makes you vulnerable to fire.
   Will:      It increases your willpower.
Missiles
 h - 13 poisoned darts (quivered)
 y - 2 atropa-tipped darts
Armour
 b - a +0 scale mail (worn)
 c - a +1 buckler (worn)
 d - a +0 cloak (worn)
 l - the +1 pair of gloves "Jeann" (worn) {Rampage rF- Will- Slay+4}
   (You found it on level 3 of the Dungeon)

   Slay:      It affects your accuracy & damage with ranged weapons and melee
   (+4).
   rF:        It makes you vulnerable to fire.
   Rampage:   It bestows one free step when moving towards enemies.
   Will:      It decreases your willpower.
 I - a +0 pair of boots (worn)
Jewellery
 q - a ring of wizardry
 r - a ring of wizardry
 D - a +6 ring of dexterity (left hand)
Wands
 w - a wand of flame (11)
 F - a wand of roots (7)
 G - a wand of paralysis (10)
Scrolls
 j - a scroll of amnesia
 p - a scroll of silence
 t - a scroll of torment
 x - 2 scrolls of enchant armour
 z - 3 scrolls of magic mapping
 H - a scroll of teleportation
Potions
 e - 2 potions of degeneration
 f - 2 potions of mutation
 g - 2 potions of cancellation
 i - 2 potions of haste
 k - a potion of heal wounds {unknown}
 m - a potion of ambrosia {unknown}
 n - 2 potions of attraction
 o - a potion of invisibility {unknown}
 s - a potion of flight {unknown}
 u - 3 potions of curing
 v - a potion of magic {unknown}
 B - a potion of lignification
 C - a potion of brilliance
 E - a potion of might


   Skills:
 * Level 7.1 Fighting
 + Level 8.6 Axes
 - Level 3.2 Armour
 - Level 3.2 Shields


You had 6 spell levels left.
You didn't know any spells.
Your spell library contained the following spells:

 Spells                   Type           Power      Damage    Failure   Level
 Shock                    Conj/Air       0%         1d3       67%         1
 Slow                     Hex            0%         N/A       67%         1
 Cigotuvi's Dreadful Rot  Necr/Pois/Air  0%         N/A       82%         2
 Static Discharge         Conj/Air       0%         2-2/arc   82%         2
 Confusing Touch          Hex            0%         N/A       96%         3
 Dazzling Flash           Conj/Hex       0%         N/A       96%         3
 Ignite Poison            Fire/Tmut/Pois 0%         N/A       96%         3
 Swiftness                Air            0%         N/A       96%         3
 Vampiric Draining        Necr           0%         2d6       96%         3
 Airstrike                Air            0%         2d(0-16)  100%        4
 Agony                    Necr           0%         N/A       100%        5
 Freezing Cloud           Conj/Ice/Air   0%         6-21      100%        5
 Silence                  Hex/Air        0%         N/A       100%        5
 Iron Shot                Conj/Erth      0%         9d1       100%        6
 Fire Storm               Conj/Fire      0%         5d1       100%        9


Dungeon Overview and Level Annotations

Branches:
Dungeon (6/15)
 Temple: D:4-7

Altars:
Gozag
Hepliaklqana
Sif Muna


Message History

x - 2 scrolls of enchant armour (gained 1)
An orc warrior comes into view. It is wielding a +0 glaive.
Found a stone staircase leading down.
The orc warrior shouts!
You hear a shout!
An orc comes into view. It is wielding a +0 club.
An orc comes into view. It is wielding a +0 flail.
An orc comes into view. It is wielding a +0 hand axe.
You block the orc warrior's attack.
You rampage towards the orc warrior!
Found 5 stones.
You hit the orc warrior. You burn the orc warrior.
The orc warrior is moderately wounded.
You hit the orc warrior but do no damage.
The orc warrior is moderately wounded.
The orc warrior hits you with a +0 glaive!
The orc misses you.
You sock the orc warrior! You burn the orc warrior.
The orc warrior is heavily wounded.
The orc warrior hits you with a +0 glaive!
The orc completely misses you. You block the orc's attack.
You closely miss the orc warrior.
The orc warrior is heavily wounded.
The orc hits you but does no damage.
The orc warrior hits you with a +0 glaive.
The orc closely misses you.
You completely miss the orc warrior.
The orc warrior is heavily wounded.
You block the orc warrior's attack. You block the orc's attack.
The orc hits you but does no damage. The orc closely misses you.
The orc warrior hits you with a +0 glaive!
The orc hits you but does no damage.
You are too injured to fight recklessly!
You are too injured to fight recklessly!
The orc attacks as you move away! The orc hits you with a +0 hand axe.
The orc attacks as you move away! The orc hits you but does no damage.
The orc attacks as you move away! The orc hits you with a +0 flail.
The orc warrior hits you from afar with a +0 glaive!
* * * LOW HITPOINT WARNING * * *
You feel yourself speed up. The orc hits you but does no damage. x2
The orc warrior hits you from afar with a +0 glaive!
You die...

.# #.# ...( .# #.# ....
.# #.# ..... .# #.# ###
... .# #.# #....> #
.######.####.####.#.#..#
...........#.....oo....#
###.....##.######o#.#.#
###.######......@o....#
....# ##############
##..# ##..## #...###
#.#...# #...#.# #...#.#
###.#.#


You could see an orc warrior and 3 orcs.

Vanquished Creatures
  4 scorpions
  A wight (D:3)
  3 hounds
  Crazy Yiuf (D:3)
  A sleepcap (D:4)
  3 iguanas
  5 adders
  4 worms
  4 dart slugs
  9 orcs
  9 endoplasms
  4 giant cockroaches
  6 goblins
  8 hobgoblins
  8 jackals (D:1)
  8 quokkas
  11 ball pythons
  12 bats
  9 frilled lizards
  5 kobolds
  5 rats
120 creatures vanquished.

Vanquished Creatures (others)
  8 fungi (D:2)
  A plant (D:5)
9 creatures vanquished.

Grand Total: 129 creatures vanquished

Notes
Turn   | Place    | Note
-------+----------+-------------------------------------------
     0 | D:1      | naiii the Hill Orc Fighter began the quest for the Orb.
     0 | D:1      | Reached XP level 1. HP: 19/19 MP: 1/1
    24 | D:1      | Reached skill level 3 in Axes
    55 | D:1      | Reached XP level 2. HP: 24/26 MP: 2/2
   147 | D:1      | Reached skill level 4 in Axes
   271 | D:1      | Reached XP level 3. HP: 31/31 MP: 3/3
   408 | D:1      | Reached skill level 5 in Axes
   926 | D:2      | Reached XP level 4. HP: 26/39 MP: 4/4
  1260 | D:2      | Found a faded altar of an unknown god.
  1706 | D:3      | Reached skill level 6 in Axes
  1787 | D:3      | Got the Grimoire of Fire and Impulse
  1853 | D:3      | Identified the +1 pair of gloves "Jeann" {Rampage rF- Will-
                  | Slay+4}
  2011 | D:3      | Reached XP level 5. HP: 46/46 MP: 5/5
  2016 | D:3      | Reached skill level 7 in Axes
  2644 | D:3      | Reached XP level 6. HP: 53/53 MP: 6/6
  2674 | D:3      | Found a runed translucent door.
  2675 | D:3      | Noticed Crazy Yiuf
  2684 | Abyss:1  | Cast into level 1 of the Abyss (Crazy Yiuf)
  2719 | Abyss:1  | Found a corrupted altar of Lugonu.
  2745 | D:3      | Escaped the Abyss
  2749 | D:3      | Killed Crazy Yiuf
  2761 | D:3      | Identified the +5 hammer of Unreason {flame, rF- Will+
                  | Int+6}
  3071 | D:4      | Found an opulent altar of Gozag.
  3174 | D:4      | Reached skill level 5 in Fighting
  3376 | D:4      | Found a hazy altar of Hepliaklqana.
  3557 | D:4      | Reached skill level 8 in Axes
  3862 | D:4      | Reached XP level 7. HP: 55/63 MP: 7/7
  3951 | D:5      | Entered Level 5 of the Dungeon
  4493 | D:5      | Found a shimmering blue altar of Sif Muna.
  4868 | D:6      | Identified the staff of death "Hufin" {*Corrode rPois rN+
                  | Int+6}
  4937 | D:6      | Slain by an orc warrior

Illustrated notes

Levels and vault maps discovered:
D:1:      dpeg_arrival_windows_large_door, layout_basic, chequers_arboretum
D:2:      layout_basic, hellmonk_ecumenical_altar_inner_sanctum,
          dreamdust_mushroom_princess
D:3:      wad_river_or_something, layout_loops_ring, minmay_divided_ellipse,
          uniq_crazy_yiuf_cottage
D:4:      layout_loops_corners, nicolae_hepliaklqana_hippocampus,
          mainiacjoe_overflow_catwalk, kennysheep_generic_room_14
D:5:      layout_cave_pods, nicolae_sif_muna_little_library,
          nicolae_zen_rock_garden
D:6:      layout_loops_ring, moated_statue, minmay_misc_feat_nine_boxes,
          kennysheep_generic_room_7

Skill      XL: |  1  2  3  4  5  6  7 |
---------------+----------------------+-----
Axes           | 3 4 5 6 7 8 |  8.6
Fighting       | 4 6 7 |  7.1
Armour         | |  3.2
Shields        | |  3.2

Action                     |  1- 3 |  4- 6 |  7- 9 || total
---------------------------+-------+-------+-------++-------
  Melee: War axe           |   128 |   106 |       ||   234
         Mace              |       |    37 |    24 ||    61
    Use: Scroll            |     3 |     2 |    12 ||    17
         Potion            |       |     2 |     1 ||     3
 Armour: Scale mail        |    66 |    45 |    15 ||   126
  Dodge: Dodged            |    66 |    48 |     9 ||   123
  Block: Buckler           |    34 |    26 |     6 ||    66
